[Event "5th Sharjah Masters 2022"]
[Site "Sharjah"]
[Date "2022.05.25"]
[Round "5.29"]
[White "Gharibyan, Mamikon"]
[Black "Suleymanli, Aydin"]
[Result "1-0"]
[ECO "D37"]
[WhiteElo "2487"]
[BlackElo "2537"]
[Annotator "TA"]
[PlyCount "61"]
[EventDate "2022.05.21"]
[EventType "swiss"]
[EventCountry "UAE"]
[SourceTitle "playchess.com"]
[Source "ChessBase"]
[SourceQuality "1"]
[TimeControl "5400+30"]

1. d4 Nf6 2. c4 e6 3. Nf3 d5 4. Nc3 h6 5. g3 Nc6 6. Bg2 {[%emt 0:00:43] D37: Queen's Gambit Declined: 5 Bf4.} Bd6 7. O-O O-O 8. b3 {[%emt 0:00:21] The position is equal.} dxc4 9. bxc4 e5 10. d5 {[%emt 0:06:55] [#]} (10. Rb1 $14) 10... Ne7 $146 (10... Na5 $11) ({Predecessor:} 10... Nb8 11. Nd2 Na6 12. Nb3 Re8 13. h3 b6 14. Be3 Bd7 15. Qd2 Qe7 16. Rac1 Rac8 {½-½ (69) Dreev,A (2623)-Matlakov,M (2674) Chess.com INT 2022}) 11. c5 (11. Bb2 $14) 11... Bxc5 $11 12. Nxe5 Bb4 $1 13. Bb2 Bxc3 14. Bxc3 Nexd5 15. Bb2 {[%emt 0:00:15] A strong pair of Bishops.} Nb6 16. Qc2 {[%emt 0:06:22][%mdl 1024] White has compensation.} Qe7 17. a4 Nbd5 18. a5 Rd8 (18... Nb4 $14 19. Qc3 Re8) 19. a6 {[%emt 0:04:49] White is more active.} Rd6 ({Better is} 19... Nb4 $14 20. Qb3 (20. axb7 Bxb7 21. Qc4 Bxg2 $11) 20... Be6) 20. Nd3 $18 {[%emt 0:06:07][%cal Be5d3,Bd3c5,Bc5e6][%mdl 32] Black must now prevent Ba3.} Qe8 $2 {[%emt 0:20:24] [#]} (20... b6 {was called for.}) 21. Bxf6 gxf6 22. Qb3 Be6 23. axb7 Rb8 24. Nc5 Nf4 25. Nxe6 Nxe2+ 26. Kh1 Rxe6 27. Rxa7 {[%emt 0:03:09] White is clearly winning.} c6 28. Qc4 Rd6 29. Ra8 Nd4 30. Qc5 Rd7 31. Qa7 {[%emt 0:02:32] Weighted Error Value: White=0.16 (very precise) /Black=0.38} 1-0

[Event "5th Sharjah Masters 2022"]
[Site "Sharjah"]
[Date "2022.05.25"]
[Round "5.30"]
[White "Vokhidov, Shamsiddin"]
[Black "Zawadzka, Jolanta"]
[Result "1-0"]
[ECO "B90"]
[WhiteElo "2536"]
[BlackElo "2409"]
[Annotator "TA"]
[PlyCount "107"]
[EventDate "2022.05.21"]
[EventType "swiss"]
[EventCountry "UAE"]
[SourceTitle "playchess.com"]
[Source "ChessBase"]
[SourceQuality "1"]
[TimeControl "5400+30"]

1. e4 c5 2. Nf3 d6 3. d4 cxd4 4. Nxd4 Nf6 5. Nc3 a6 6. Bd3 e5 7. Nde2 Be7 8. O-O O-O 9. Ng3 {[%emt 0:00:03] B90: Sicilian Najdorf: Unusual White 6th moves, 6 Be3 Ng4 and 6 Be3 e5.} Be6 10. Nd5 Bxd5 11. exd5 {[%emt 0:00:02] The position is equal.} g6 12. c4 Nbd7 13. Bh6 Re8 14. Rc1 Bf8 15. Bd2 h5 {[%emt 0:06:32] [#]} 16. Re1 $146 {[%emt 0:11:19] Inhibits e4.} ({Predecessor:} 16. b4 a5 17. a3 axb4 18. axb4 e4 19. Bb1 h4 20. Ne2 h3 21. g3 {0-1 (29) Saric,I (2669)-Karjakin,S (2743) Warsaw 2021}) 16... Bg7 17. b4 b6 (17... a5 {keeps more tension.} 18. bxa5 Nc5 19. Bb4 Rxa5 20. Bxa5 Qxa5 21. Ne4 Nfxe4 22. Bxe4 f5) 18. a3 a5 19. Bg5 axb4 20. axb4 Qc7 21. Ne2 Nh7 22. Be3 f5 (22... e4 $14 23. Bb1 Bb2) 23. Nc3 $16 Ndf6 (23... e4 $16) 24. f3 (24. c5 $18) 24... e4 25. fxe4 (25. Nb5 $16 Qd8 26. Bb1) 25... Ng4 $1 $11 26. Nb5 Qd8 {[%emt 0:06:43] [#]} (26... Qe7 $1 $11) 27. Bf4 $1 $16 {[%emt 0:02:36] And now Qd2 would win.} (27. h3 Nxe3 28. Rxe3 Bh6 $17) 27... g5 (27... Be5 $16 {might work better.} 28. Qd2 Ra2) 28. Bxd6 $18 Bd4+ 29. Nxd4 (29. Kf1 fxe4 30. Nxd4 (30. Rxe4 $2 Rxe4 31. Qf3 Re7 $19) 30... Qxd6 31. Bxe4 Nhf6 $19) 29... Qxd6 30. g3 (30. Nxf5 $2 Qxh2+ 31. Kf1 Qh1+ 32. Ke2 Qxg2#) 30... Qxb4 31. Be2 (31. exf5 $2 Rxe1+ 32. Qxe1 Qc5 $19) ({White should try} 31. e5 $18 Rxe5 32. Rxe5) 31... Ne3 32. Qb3 (32. Nc6 $142 Qc5 33. Qd4 Qxd4 34. Nxd4 Rxe4 35. Nc6 (35. Bxh5 f4 $16)) 32... Qc5 33. Qxe3 Rxe4 {[%emt 0:00:04] [#]} 34. Qf2 Rxd4 {[%emt 0:00:08] [#]} 35. Rb1 $1 $36 {[%emt 0:03:53][%cal Bc1b1,Bb1b5,Bb5c5][%mdl 2080] Hoping for Rb5. Keeping Black busy.} (35. Bxh5 $6 Nf6 $14) 35... Nf6 $2 {[%emt 0:04:36] A mistake that costs the game.} (35... f4 $16) 36. Rb5 Ne4 37. Qxf5 (37. Rxc5 Nxf2 38. Rb5 Nh3+ 39. Kf1 (39. Kg2 g4 $11) 39... g4 $14) 37... Rd1+ $2 (37... Ra1 38. Rf1 (38. Rxa1 Rd1+ 39. Kg2 Qg1+ 40. Kh3 Nf2+ 41. Qxf2 Qxf2 $11) (38. Rxc5 Rxe1+ 39. Kg2 Rxe2+ 40. Kf1 Rf2+ 41. Qxf2 Nxf2 $16) 38... Rxf1+ 39. Kxf1 Qf8 40. Qxf8+ Kxf8 41. Rxb6 Ke7 42. Re6+ Kd7) 38. Kg2 {[%emt 0:00:37][%cal Bg1g2,Bg2f3,Bf3e4][%mdl 32] White is clearly winning.} ({Not} 38. Rxc5 Rxe1+ 39. Bf1 bxc5 $11) 38... Rxe1 39. Qg6+ ({Avoid the trap} 39. Rxc5 $2 Rxe2+ 40. Kf1 Rf2+ 41. Qxf2 Nxf2 $19) 39... Kf8 40. Rxc5 Rxe2+ 41. Kf3 {[%emt 0:00:02] Intending Rc7 and mate.} Rf2+ 42. Kxe4 {[%emt 0:00:02] Rc7 would kill now.} bxc5 {[%emt 0:00:47][%mdl 4096] Endgame KQ-KRR} 43. Qh6+ Kg8 44. Qxg5+ Kh7 45. Qxh5+ Kg7 46. Qe5+ Kg6 47. Qd6+ Kg5 48. Qxc5 Re8+ 49. Kd4 Rxh2 50. d6+ Kf6 51. Qc6 Rd8 52. c5 Rh5 53. d7+ Kg7 54. Qe6 {[%emt 0:00:13] Weighted Error Value: White=0.17 (very precise) /Black=0.28 (precise)} 1-0

[Event "5th Sharjah Masters 2022"]
[Site "Sharjah"]
[Date "2022.05.25"]
[Round "5.31"]
[White "Sankalp Gupta"]
[Black "Erdogdu, Mert"]
[Result "1/2-1/2"]
[ECO "B84"]
[WhiteElo "2505"]
[BlackElo "2407"]
[Annotator "TA"]
[PlyCount "116"]
[EventDate "2022.05.21"]
[EventType "swiss"]
[EventCountry "UAE"]
[SourceTitle "playchess.com"]
[Source "ChessBase"]
[SourceQuality "1"]
[TimeControl "5400+30"]

1. e4 c5 2. Nf3 d6 3. d4 cxd4 4. Nxd4 Nf6 5. Nc3 e6 6. Be3 a6 7. Be2 Be7 8. f4 Nc6 9. Bf3 {[%emt 0:03:04] 9.g4 is becoming the main line.} Qc7 10. g4 {[%emt 0:14:22][%cal Bg2g4,Bg4g5][%mdl 32] B84: Sicilian Scheveningen: 6 Be2 a6, lines without early Be3.} Nxd4 11. Bxd4 {[%emt 0:01:17] aiming for g5.} e5 12. Bf2 {[%emt 0:00:05] White has an edge.} exf4 13. g5 Nd7 14. Nd5 Qd8 {[%emt 0:00:45] [#]} 15. Qe2 $146 (15. Bd4 $11 O-O 16. h4) ({Predecessor:} 15. h4 O-O 16. Be2 Re8 17. Qd2 Bf8 18. Qxf4 b5 19. O-O-O Bb7 20. h5 Bxd5 21. Rxd5 Ne5 22. g6 fxg6 23. hxg6 h6 24. Rxe5 dxe5 25. Qf7+ Kh8 {1-0 (25) Hirneise,T (2324)-Kreuscher,W (2078) Schwaebisch Gmuend 2008}) 15... O-O (15... Bxg5 $15 16. O-O-O O-O) 16. O-O-O (16. h4 $11 {should be considered.}) 16... Bxg5 $15 17. Rhg1 Bh6 (17... Ne5 $2 18. Bb6 Qd7 19. Rxg5 $18) 18. Kb1 Ne5 (18... f6 $15) 19. Bb6 $11 Qh4 20. Nc7 {[%emt 0:00:08] [#]} (20. Bc7 $11 {and White is okay.}) 20... Be6 21. Nxa8 $15 Rxa8 22. Rxd6 Rc8 23. Bf2 Qh3 24. Qd1 {[%emt 0:03:09] Threatening mate with Rd8+.} g6 25. Bg2 (25. Rd8+ $11 Bf8 26. Rxc8 Bxc8 27. Be2) 25... Qxh2 $17 26. Rd8+ Bf8 27. Rxc8 Bxc8 28. Qd8 Bg4 29. Qb8 (29. Bc5 $17 Nd7 30. Bd4) 29... Nd7 $1 $19 30. Qc7 b6 (30... h5 $1 $19 {[%cal Ob7b6] ...b6! is the strong threat.} 31. Be3 Bh6) 31. Bd4 $17 h5 32. Bf3 Be6 $2 ({Black should try} 32... Bxf3 $19 33. Qxd7 Bxe4) 33. Qc6 (33. Rh1 $11 {remains equal.} Qd2 34. Rd1) 33... Qh3 34. Qc3 Bc5 (34... Kh7 $17 {And now ...Bc5 would win.} 35. Rh1 Qg3) 35. Bh8 $1 $15 Kf8 (35... f6 $5 36. Rh1 Bxa2+ 37. Kxa2 Qe6+ 38. Kb1 Kxh8 $15) 36. Rd1 {[%emt 0:01:40] The board is on fire.} Bg4 $36 {[%emt 0:00:41][%mdl 2048] Black is more active.} 37. Bxg4 Qxc3 (37... Qxg4 $11 {and Black has nothing to worry.} 38. Rf1 g5) 38. Bxc3 $18 ({Stronger than} 38. bxc3 hxg4 39. Rxd7 f6 40. Bxf6 g3 $11) 38... hxg4 39. Rxd7 Ke8 {[%emt 0:00:07] [#]} 40. Rd1 (40. Rd5 $1 $18 {Threatens to win with Bf6.} g3 41. Bf6) 40... Ke7 $11 {[%emt 0:01:24] Against Bf6+. White must now prevent ...g3.} 41. b4 Be3 42. Bd2 $2 (42. Be5 $1 $11) 42... Bxd2 $19 43. Rxd2 {[%emt 0:00:01][%mdl 4096] Endgame KR-KP} g3 $4 {[%emt 0:00:34][%mdl 8192] [#]} (43... f3 $19 44. Rf2 f5 45. exf5 gxf5) 44. Rg2 $1 $18 g5 45. Kc1 g4 46. Kd1 Ke6 47. c4 Ke5 48. c5 bxc5 49. bxc5 f5 50. c6 Kd6 51. Rc2 f3 52. Ke1 g2 53. Kf2 fxe4 54. c7 $2 (54. Rc3 {mates} Kc7 55. Re3 Kd6 56. Rxe4 g3+ 57. Kg1 Kxc6 58. Re3 Kd6 59. Rxf3) 54... e3+ $1 $11 {[%emt 0:00:02] The position is equal.} 55. Kg1 e2 56. Rc1 g3 57. c8=Q $1 {[%emt 0:00:12] White wants to mate with Rc6+.} e1=Q+ 58. Rxe1 {[%emt 0:00:06] Intending Qe6+ and mate.} Kd5 $2 {[%emt 0:02:53][%mdl 40960] Weighted Error Value: White=0.54/Black=0.62. An unexpected result.} (58... f2+ $11 59. Kxg2 fxe1=Q) 1/2-1/2

[Event "5th Sharjah Masters 2022"]
[Site "Sharjah"]
[Date "2022.05.25"]
[Round "5.32"]
[White "Aditya Mittal"]
[Black "Kamalidenova, Meruert"]
[Result "1-0"]
[ECO "E15"]
[WhiteElo "2490"]
[BlackElo "2408"]
[Annotator "TA"]
[PlyCount "71"]
[EventDate "2022.05.21"]
[EventType "swiss"]
[EventCountry "UAE"]
[SourceTitle "playchess.com"]
[Source "ChessBase"]
[SourceQuality "1"]
[TimeControl "5400+30"]

1. d4 Nf6 2. c4 e6 3. Nf3 b6 4. g3 Ba6 5. Qc2 c5 6. d5 {[%emt 0:00:03] E15: Queen's Indian: 4 g3 sidelines, 4 g3 Ba6 and 4 g3 Bb7 early deviations.} exd5 7. cxd5 Bb7 8. Bg2 {[%emt 0:00:03] The position is equal.} Nxd5 9. O-O {[%emt 0:00:05] And now Ng5 would win.} Be7 {[%emt 0:00:18] Against Ng5} 10. Rd1 Nc6 11. Qf5 ({Don't go for} 11. Rxd5 $2 Nb4 12. Qd1 Bxd5 $17) 11... Nf6 12. e4 g6 13. Qf4 O-O 14. e5 Nh5 15. Qc4 d5 {[%emt 0:02:21] is now debated instead of 15...Qc7.} 16. exd6 Bxd6 17. Nc3 Na5 18. Qf1 Qb8 19. Nd5 Re8 20. Be3 Bf8 21. b4 cxb4 22. Ng5 {[%emt 0:00:08] [#] g4 is the strong threat.} Bg7 $146 (22... Rd8 $11) ({Predecessor:} 22... Qe5 23. g4 Rad8 24. f4 Qg7 25. gxh5 Rxd5 26. Bxd5 Rxe3 27. h6 Qf6 28. Rac1 Bxd5 29. Rxd5 {½-½ (58) Schramm,A (2521)-Marek,S (2440) ICCF email 2019}) 23. Rac1 $1 $14 {[%emt 0:03:39][%cal Ba1c1,Bc1c7,Bc7b7][%mdl 32] Strongly threatening g4. White is more active.} h6 $2 {[%emt 0:09:35] [#] Loses the game.} (23... Rf8 $14) 24. Nxf7 $1 $18 Kxf7 {[%emt 0:02:15] [#]} 25. g4 $1 Nf6 {[%emt 0:06:40] White must now prevent ...Nxd5.} 26. Rc7+ Kf8 {[%emt 0:06:12] [#]} 27. Rxb7 Qxb7 (27... Nxb7 $2 28. Nxf6 Bxf6 29. Bxh6+ Bg7 30. Bxg7+ Kxg7 31. Rd7+ Kf8 32. Qc1) 28. Nxf6 Qe7 29. g5 $40 {[%emt 0:09:55][%mdl 128] White has strong attack.} hxg5 $2 (29... Bxf6 $2 30. gxf6 Qxf6 31. Bxh6+ Kg8 32. Rd7 $18) (29... Rad8) 30. Nd7+ {[%emt 0:04:06] White is clearly winning.} Kg8 31. Bd5+ Kh7 32. Qh3+ Bh6 33. Bd4 {[%emt 0:02:02] Nf6+ would kill now.} g4 34. Qxg4 {[%emt 0:00:14] White threatens Nf6+ and mate.} Rf8 {[%emt 0:00:31] Against Nf6+} 35. Bxa8 {[%emt 0:02:03] A strong pair of Bishops.} Rf4 {[%emt 0:00:23] [#]} 36. Qxf4 $3 {[%emt 0:00:16][%mdl 512] Weighted Error Value: White=0.01 (flawless) /Black=0.25 (precise)} 1-0

[Event "5th Sharjah Masters 2022"]
[Site "Sharjah"]
[Date "2022.05.25"]
[Round "5.33"]
[White "Kuybokarov, Temur"]
[Black "Dimakiling, Oliver"]
[Result "1-0"]
[ECO "B30"]
[WhiteElo "2582"]
[BlackElo "2420"]
[Annotator "TA"]
[PlyCount "59"]
[EventDate "2022.05.21"]
[EventType "swiss"]
[EventCountry "UAE"]
[SourceTitle "playchess.com"]
[Source "ChessBase"]
[SourceQuality "1"]
[TimeControl "5400+30"]

1. e4 c5 2. Nf3 Nc6 3. Bb5 Qc7 4. O-O Nf6 5. Re1 a6 6. Bxc6 {[%emt 0:00:42] B30: Sicilian: 2...Nc6 3 Bb5, lines without ...g6.} Qxc6 7. d4 cxd4 8. Nxd4 {[%emt 0:02:49] White is better.} Qc7 9. Nc3 {[%emt 0:07:55] [#] And now e5 would win.} d6 {[%emt 0:05:00] [#]} 10. Nd5 $146 ({Predecessor:} 10. Bg5 Nd7 11. f4 b5 12. a4 b4 13. Nd5 Qc5 14. c3 bxc3 15. Rc1 Qa7 16. Rxc3 Nc5 17. Kh1 Bd7 18. b4 Nxa4 19. Rc7 {1-0 (19) Dietrich,R (2105)-Riedl,M (2055) Kelheim 2009}) 10... Qd8 (10... Nxd5 $142 11. exd5 Qc4) 11. Bg5 {[%emt 0:06:45] 0x0.000a5af3d3d0dp-1022s more active pieces. The black rooks are badly placed.} h6 (11... Nxd5 $16 {keeps fighting.} 12. exd5 h6) 12. Bxf6 $18 gxf6 13. a4 Bd7 14. a5 Rc8 15. Ra3 Rg8 16. Nf5 Rc5 17. b4 Rc4 18. Qd3 Bb5 19. Nfe3 Rc8 20. c4 Bd7 21. Nf5 e5 (21... Rg4 $142 22. Qd1 Rg6) 22. Nb6 {[%emt 0:03:52] Pair of Knights!} d5 23. Nxd5 Bxf5 24. exf5 Rg4 25. f4 Be7 $2 {[%emt 0:06:49] [#]} (25... Bxb4 26. Nxb4 Rxf4 27. Qxd8+ Rxd8) 26. fxe5 Kf8 27. Qh3 Rcxc4 28. Qxh6+ {[%emt 0:00:13] White mates.} Ke8 29. exf6 Rce4 30. Rxe4 {[%emt 0:00:13] Black got outplayed after the opening.  Weighted Error Value: White=0.17 (very precise) /Black=0.61} 1-0

[Event "5th Sharjah Masters 2022"]
[Site "Sharjah"]
[Date "2022.05.25"]
[Round "5.34"]
[White "Hesham, Abdelrahman"]
[Black "Mastrovasilis, Athanasios"]
[Result "1/2-1/2"]
[ECO "D55"]
[WhiteElo "2412"]
[BlackElo "2540"]
[Annotator "TA"]
[PlyCount "72"]
[EventDate "2022.05.21"]
[EventType "swiss"]
[EventCountry "UAE"]
[SourceTitle "playchess.com"]
[Source "ChessBase"]
[SourceQuality "1"]
[TimeControl "5400+30"]

1. d4 Nf6 2. c4 e6 3. Nf3 d5 4. Nc3 Be7 5. Bg5 h6 6. Bxf6 Bxf6 7. e3 O-O 8. Qc2 c5 9. dxc5 dxc4 10. Bxc4 {[%emt 0:01:49] D55: Queen's Gambit Declined: 4 Bg5 Be7: Lines without ...h6 and 6...h6 7 Bxf6.} Nd7 11. Ne4 {[%emt 0:04:48] [#]} Nxc5 $1 12. Nxf6+ Qxf6 13. O-O Bd7 14. b4 {[%emt 0:15:01] [#]} Na4 $146 ({Predecessor:} 14... Ba4 15. Qe2 Ne4 16. Rac1 Rfd8 17. Nd4 e5 18. Nf3 Nd6 19. Rfe1 Bc6 20. Bb3 Rac8 {½-½ (33) Barsov,A-Timoscenko,G (2495) Tashkent 1987}) 15. Bb3 (15. b5 $11 Nc5 16. Rad1) 15... Nc3 $15 16. a4 Rac8 17. Qb2 Rc7 18. Nd4 e5 ({Better is} 18... Rfc8 $17) 19. Ne2 $1 $11 Nxe2+ 20. Qxe2 Rfc8 21. b5 Be6 22. Bxe6 Qxe6 23. h3 Qf5 24. Rad1 Qe4 25. a5 Qb4 26. a6 bxa6 27. bxa6 Qc4 28. Qxc4 Rxc4 {[%emt 0:00:01][%mdl 4096] Endgame KRR-KRR} 29. Rd7 R4c7 30. Rfd1 Kf8 31. R1d5 f6 32. Kh2 Ke8 {[%emt 0:00:09] The position is equal.} 33. R7d6 Rc6 34. Rd7 R6c7 35. R7d6 Rc6 36. Rd7 R6c7 {[%emt 0:00:11] Weighted Error Value: White=0.09 (flawless) /Black=0.05 (flawless)} 1/2-1/2

[Event "5th Sharjah Masters 2022"]
[Site "Sharjah"]
[Date "2022.05.25"]
[Round "5.35"]
[White "Gunina, Valentina"]
[Black "Farahat, Ali"]
[Result "1-0"]
[ECO "D45"]
[WhiteElo "2471"]
[BlackElo "2381"]
[Annotator "TA"]
[PlyCount "81"]
[EventDate "2022.05.21"]
[EventType "swiss"]
[EventCountry "UAE"]
[SourceTitle "playchess.com"]
[Source "ChessBase"]
[SourceQuality "1"]
[TimeControl "5400+30"]

1. d4 d5 2. c4 c6 3. Nf3 Nf6 4. Nc3 e6 5. e3 Nbd7 6. Be2 Bd6 7. O-O O-O 8. b3 b6 9. Bb2 Bb7 10. Rc1 Qe7 {[%emt 0:01:16] 10...Qe7 is better than 10...Rc8. D45: Semi-Slav: 5 e3.} 11. Qc2 Rfe8 12. cxd5 exd5 {[%emt 0:02:45] [#] The position is equal.} 13. Qf5 $146 ({Predecessor:} 13. Rfd1 a5 14. Bf1 b5 15. a4 b4 16. Ne2 Rac8 17. Ng3 g6 18. Re1 h5 19. Ba1 {1-0 (45) Musitani,C (2354)-Henri,S (2359) ICCF email 2015}) 13... a6 14. Nd2 Nf8 15. Rfe1 Ne6 16. Nf1 (16. Nf3 $11) 16... c5 (16... g6 $15 17. Qc2 Rac8) 17. dxc5 $1 $11 bxc5 18. Na4 d4 19. Qb1 (19. Bc4 $1 $11) 19... Nd5 (19... Rad8 $142 {White must now prevent ...dxe3.} 20. Bc4 Nd5) 20. exd4 (20. Bf3 $17 {is tougher.}) 20... Ndf4 $19 21. dxc5 {[%emt 0:02:57] [#]} Bc7 (21... Bxg2 $1 $19 {and all is fine. ( -> ...Nh3+)} 22. Rc3 (22. cxd6 Nh3+ 23. Kxg2 Nef4+ 24. Kh1 Nxf2+ 25. Kg1 N2h3+ 26. Kh1 Qb7+) (22. Bg4 Qh4) 22... Nd4) 22. c6 $18 Qg5 23. Ng3 $1 (23. Ne3 Nxe2+ 24. Rxe2 Qh5 $11) 23... Bc8 24. Bf3 Rd8 25. Rcd1 {[%emt 0:00:36] Inhibits Nd3.} Rxd1 26. Qxd1 h5 27. Nxh5 (27. Nc3 $142) 27... Nxh5 (27... Nh3+ $142 28. Kf1 a5) 28. Bxh5 Nf4 29. Bf3 (29. Re8+ Kh7 30. Bf3 Qg6) 29... Bf5 {[%emt 0:00:49] Hoping for ...Rd8.} 30. Nc5 $2 (30. Be5 $18 Rd8 31. Bxc7 $1 Rxd1 32. Rxd1) 30... Nh3+ $2 (30... Rd8 $16 {is a better defense.} 31. Bd4 Nh3+ 32. Kf1 Nxf2) 31. Kf1 Bxh2 $2 (31... Rd8) 32. Ne4 Qg6 33. Bh5 Qxc6 34. Qd4 f6 35. Nxf6+ (35. gxh3 Be5 36. Qd1 Bxb2 $16) 35... gxf6 {[%emt 0:01:45] [#]} 36. Bf3 $1 {[%emt 0:00:05][%cal Bh5f3,Bf3e2,Be2c4,Bc4f7][%mdl 96] Skewer. Really sharp!} Qb5+ 37. Be2 Qc6 (37... Be5 $18 38. Bxb5 Bxd4 39. Bc4+ (39. Bxd4 axb5 40. gxh3 Bxh3+ 41. Kg1 Rxa2 $11) 39... Kg7) 38. Bc4+ ({Less strong is} 38. Qxf6 Qxf6 39. Bxf6 Kf7 $11) 38... Kg7 39. Re7+ ({Inferior is} 39. Qd5 Qxd5 40. Re7+ Kf8 41. Bxd5 Rd8 $17) 39... Kg6 40. gxh3 $2 (40. Qh4 {Threatening mate with Qh7+.} Qxc4+ 41. bxc4) 40... Be5 $2 (40... Qd6 41. Be6 Qxd4 42. Bxd4 Bf4 43. Bxf5+ Kxf5) 41. Bf7+ {[%emt 0:00:39] Weighted Error Value: White=0.64/Black=0.72} 1-0

[Event "5th Sharjah Masters 2022"]
[Site "Sharjah"]
[Date "2022.05.25"]
[Round "5.36"]
[White "Begmuratov, Khumoyun"]
[Black "Nikolov, Momchil"]
[Result "0-1"]
[ECO "C80"]
[WhiteElo "2384"]
[BlackElo "2454"]
[Annotator "TA"]
[PlyCount "98"]
[EventDate "2022.05.21"]
[EventType "swiss"]
[EventCountry "UAE"]
[SourceTitle "playchess.com"]
[Source "ChessBase"]
[SourceQuality "1"]
[TimeControl "5400+30"]

1. e4 e5 2. Nf3 Nc6 3. Bb5 a6 4. Ba4 Nf6 5. O-O Nxe4 6. d4 b5 7. Bb3 d5 8. dxe5 Be6 9. a4 b4 10. Nbd2 {[%emt 0:02:09] 10.a5 is not played anymore. C80: Open Ruy Lopez: Sidelines and 9 Nbd2.} Nc5 11. c3 Be7 12. Nd4 {[%emt 0:18:13] The position is equal.} Qd7 {[%emt 0:28:25] [#]} 13. Bc2 $146 ({Predecessor:} 13. f4 Nxd4 14. cxd4 Nxb3 15. Nxb3 O-O 16. Be3 a5 17. h3 f6 18. Qe2 Rac8 19. g4 {0-1 (46) Kosteniuk,A (2471)-Oparin,G (2652) Chess.com INT 2020}) 13... bxc3 14. bxc3 O-O 15. Qe2 f6 16. exf6 Nxd4 17. cxd4 Bxf6 {[%emt 0:00:09] Hoping for ...Bg4.} 18. Ba3 (18. Qh5 $2 g6 19. Qd1 Bxd4 $17) (18. Nf3 $11 {might be stronger.} Bg4 19. Be3) 18... Bxd4 $15 19. Rae1 {[%emt 0:03:15] Black must now prevent Bxc5.} Bg4 20. Qe7 Qxe7 {[%emt 0:02:37] Really sharp! Active counter play!} 21. Rxe7 Rac8 (21... c6 $17 22. h3 Bh5) 22. h3 {[%emt 0:11:35] [#]} (22. Nb3 $1 $11 {keeps the balance.} Nxb3 23. Bxb3) 22... Bh5 $1 $36 {[%emt 0:00:13][%mdl 2048] Keeping White busy.} 23. Kh2 (23. Ree1 $142) 23... Rfe8 ({Inferior is} 23... Rxf2 24. Rxf2 Bxf2 25. Re5 $15) 24. Rxe8+ Rxe8 25. g4 {[%emt 0:00:45] Threatens to win with Nf3.} Re2 26. Nf3 {[%emt 0:00:31] [#] This move loses the game for White.} (26. Bxc5 $17 Bxc5 27. gxh5) 26... Bxf2 $1 $19 27. Bd1 Ra2 {[%emt 0:00:15] ...Be3+ is the strong threat.} 28. Bxc5 Bxc5+ 29. Kh1 Bf7 30. Ng5 Rf2 31. Rxf2 Bxf2 {[%emt 0:00:02][%mdl 4096] Endgame KBB-KBN} 32. Kg2 Be3 33. Nxf7 Kxf7 {[%emt 0:00:04] KB-KB} 34. Kf3 Bd2 35. Be2 $2 (35. Bc2) 35... a5 36. Bb5 Ke6 37. h4 Be1 38. Bd3 h6 39. h5 c5 (39... Bh4 $142 40. Ke3 c5) 40. Bh7 c4 {[%emt 0:00:30] ( -> ...Bd2)} 41. Bg8+ Ke5 (41... Kd6 $142 42. Ke2 Bc3) 42. Ke2 Bh4 {[%emt 0:00:14] Black mates.} 43. Kd2 Kd4 44. Kc2 Kc5 45. Kd2 Bg5+ 46. Kd1 d4 47. Bf7 d3 48. Bg6 Kd4 49. Bf5 c3 {[%emt 0:00:11] Weighted Error Value: White=0.98/Black=0.38} 0-1

[Event "5th Sharjah Masters 2022"]
[Site "Sharjah"]
[Date "2022.05.25"]
[Round "5.37"]
[White "Assaubayeva, Bibisara"]
[Black "Vogt, Lothar"]
[Result "1/2-1/2"]
[ECO "E71"]
[WhiteElo "2439"]
[BlackElo "2365"]
[Annotator "TA"]
[PlyCount "61"]
[EventDate "2022.05.21"]
[EventType "swiss"]
[EventCountry "UAE"]
[SourceTitle "playchess.com"]
[Source "ChessBase"]
[SourceQuality "1"]
[TimeControl "5400+30"]

1. d4 Nf6 2. c4 g6 3. Nc3 Bg7 4. e4 d6 5. h3 O-O 6. Be3 Nc6 {[%emt 0:00:32] E71: King's Indian: 4 e4 d6 5 h3.} 7. d5 Ne5 8. f4 Ned7 {[%emt 0:00:04] The position is equal.} 9. g4 c6 10. Nge2 cxd5 11. cxd5 {[%emt 0:00:20] [#]} b5 $146 ({Predecessor:} 11... Nb6 12. Ng3 e6 13. dxe6 fxe6 14. a4 d5 15. a5 Nbd7 16. e5 Nxe5 17. fxe5 Nd7 {1-0 (26) Bluebaum,M (2672)-Parvanyan,A (2451) Bad Wiessee 2020}) 12. Nd4 a6 13. Bg2 {[%emt 0:08:12] White is more active.} Bb7 14. O-O Rc8 {[%emt 0:03:59] [#] Against Nc6} 15. Rc1 $1 Nb6 16. b3 Nfd7 17. Nce2 Nc5 18. Nc6 Qd7 19. Ned4 ({Don't play} 19. Bxc5 $6 dxc5 20. Rxc5 Bxc6 21. Rxc6 (21. dxc6 Qa7 $15) 21... Rxc6 22. dxc6 Qxc6 $14) (19. Na5 $16) 19... e6 $14 20. Na5 exd5 21. Nxb7 Qxb7 22. exd5 Rfe8 23. Bf2 Ne4 (23... Nxd5 {with more complications.} 24. Nxb5 Qxb5 25. Bxd5 Nd3) 24. Rxc8 Qxc8 25. Nc6 (25. Bxe4 $14 Rxe4 26. Qd3) 25... Nd7 (25... Nxf2 $11 26. Rxf2 Nd7) 26. Qc2 {[%emt 0:02:56] aiming for Ne7+.} Nc3 $1 27. Bf3 Nb8 28. Re1 {[%emt 0:04:07] [#]} (28. Na7 $1 $14 {stays ahead.} Qd7 29. Qd3) 28... Rxe1+ (28... Nxc6 $1 $17 29. dxc6 d5) 29. Bxe1 $11 {[%emt 0:00:01] Hoping for Ne7+. A strong pair of Bishops.} Nxc6 30. dxc6 {[%emt 0:00:02] [#]} d5 $1 31. Bxc3 {[%emt 0:01:01] Weighted Error Value: White=0.16 (very precise) /Black=0.13 (very precise)} 1/2-1/2